 Dungeon Crawl Stone Soup version 0.29.1-1-gd02db6906a (webtiles) character file.

Game seed: 4594487818703665235

76 LabCoat the Chopper (level 4, -1/40 HPs)
             Began as a Hill Orc Fighter on Sept 15, 2022.
             Slain by a worm (2 damage)
             ... on level 3 of the Dungeon.
             The game lasted 00:03:24 (1472 turns).

LabCoat the Chopper (Hill Orc Fighter)              Turns: 1472, Time: 00:03:25

Health: -1/40      AC:  7    Str: 20    XL:     4   Next: 32%
Magic:  4/4        EV:  9    Int:  8    God:
Gold:   133        SH:  0    Dex: 10    Spells: 3/3 levels left

rFire   . . .      SeeInvis .   a - +0 war axe
rCold   . . .      Faith    .   c - +0 buckler
rNeg    . . .      Spirit   .   b - +0 scale mail
rPois   .          Reflect  .   (no helmet)
rElec   .          Harm     .   (no cloak)
rCorr   .          Rampage  .   (no gloves)
Will    .....                   (no boots)
Stlth   ..........              (no amulet)
HPRegen 0.13/turn               (no ring)
MPRegen 0.09/turn               (no ring)

@: confused, lethally poisoned (-1 -> -4), ambrosia-drunk
A: no striking features
a: no special abilities


You were on level 3 of the Dungeon.
You visited 1 branch of the dungeon, and saw 3 of its levels.

You collected 133 gold pieces.

Inventory:

Hand Weapons
 a - a +0 war axe (weapon)
Armour
 b - a +0 scale mail (worn)
 c - a +0 buckler (worn)
Scrolls
 e - 2 scrolls of teleportation
 i - a scroll of fog
 l - a scroll of silence {unknown}
 m - 2 scrolls of noise {unknown}
Potions
 d - a potion of degeneration {unknown}
 f - a potion of lignification
 h - a potion of magic
 j - a potion of mutation {unknown}
 k - a potion of flight {unknown}
 n - a potion of curing {unknown}


   Skills:
 + Level 4.2 Fighting
 * Level 4.3 Axes
 + Level 3.8 Armour
 + Level 3.8 Shields


You had 3 spell levels left.
You didn't know any spells.
Your spell library contained the following spells:

 Spells                   Type           Power      Damage    Failure   Level
 Sting                    Tmut/Pois      0%         1d3       85%         1
 Poisonous Vapours        Pois/Air       0%         N/A       94%         2
 Olgreb's Toxic Radiance  Pois           0%         N/A       100%        4


Dungeon Overview and Level Annotations

Branches:
Dungeon (3/15)

Altars:
Uskayaw


Message History

The ball python constricts you. The adder bites you.
The quokka bites you but does no damage.
You barely miss the adder. You slash the ball python!
You kill the ball python!
You closely miss the quokka.
You feel sick. The adder bites you but does no damage. The quokka bites you.
The adder bites you but does no damage.
The quokka bites you but does no damage.
You hit the adder.
The adder is lightly wounded.
You barely miss the worm. You miss the quokka.
You feel sick.
You are no longer poisoned.
The adder bites you.
You are poisoned.
The adder poisons you! The quokka barely misses you. The worm bites you.
The adder barely misses you.
You miss the adder.
The adder is lightly wounded.
You barely miss the quokka. You slash the worm!
You feel sick. The quokka closely misses you. The adder bites you.
* * * LOW HITPOINT WARNING * * *
You are more poisoned.
The adder poisons you!
The quokka bites you but does no damage.
The worm bites you!
* * * LOW HITPOINT WARNING * * *
You are confused.
You feel invigorated.
You feel sick. The adder bites you but does no damage. The quokka bites you.
* * * LOW HITPOINT WARNING * * *
The adder barely misses you.
You hit the quokka.
The quokka is severely wounded.
You barely miss the adder. You barely miss the worm.
You feel sick. The quokka bites you.
* * * LOW HITPOINT WARNING * * *
The adder bites you.
* * * LOW HITPOINT WARNING * * *
The worm bites you.
You die...

..........#<........
.<........##........
..............).....
........#...........
.......[#...........
....................
...........######...
.###........# ...
#..@##...# ##
......wrS.......
................
.................
.................
.............##.
.............+
.............#


You could see a worm, an adder and a quokka.

Vanquished Creatures
  Jessica (D:2)
  An adder (D:2)
  4 bats
  2 endoplasms (D:2)
  4 giant cockroaches
  2 goblins
  4 hobgoblins (D:1)
  5 jackals (D:1)
  2 quokkas
  5 ball pythons
  3 frilled lizards (D:1)
  2 kobolds (D:2)
  2 rats (D:2)
37 creatures vanquished.

Notes
Turn   | Place    | Note
-------+----------+-------------------------------------------
     0 | D:1      | LabCoat the Hill Orc Fighter began the quest for the Orb.
     0 | D:1      | Reached XP level 1. HP: 19/19 MP: 1/1
   112 | D:1      | Reached XP level 2. HP: 27/27 MP: 2/2
   684 | D:1      | Reached XP level 3. HP: 33/33 MP: 3/3
   861 | D:2      | Found a faded altar of an unknown god.
   947 | D:2      | Noticed Jessica
   957 | D:2      | Killed Jessica
   958 | D:2      | Reached XP level 4. HP: 36/40 MP: 4/4
  1126 | D:2      | Found a hide-covered altar of Uskayaw.
  1472 | D:3      | HP: 1/40 [adder (3)]
  1472 | D:3      | Slain by a worm

Illustrated notes

Levels and vault maps discovered:
D:1:      minmay_arrival_loop, layout_basic,
          wander_ebering_terrifying_dragon_lair
D:2:      layout_loops_ring, shapermc_ecumenical_altar_pompeii, basic_altar,
          uniq_jessica
D:3:      layout_basic, uniq_sigmund, uniq_ijyb

Skill      XL: |  1  2  3 |
---------------+----------+-----
Axes           | 3 4 |  4.3
Fighting       | 4 |  4.2
Armour         | |  3.8
Shields        | |  3.8

Action                   |  1- 3 |  4- 6 || total
-------------------------+-------+-------++-------
Melee: War axe           |    93 |    18 ||   111
  Use: Scroll            |     7 |       ||     7
       Potion            |     2 |     1 ||     3
Armor: Scale mail        |    53 |    17 ||    70
Dodge: Dodged            |    57 |    18 ||    75
Block: Buckler           |    30 |     8 ||    38
